[Event "Titled Tuesday Blitz October 31 Late 2023"]
[White "Sturt, Raven"]
[Black "Annaberdiyev, Meylis"]
[WhiteFideId "2007304"]
[BlackFideId "14000563"]
[WhiteElo "2543"]
[BlackElo "2702"]
[Result "0-1"]
[Round "7"]
[TimeControl "180+1"]
[Date "2023.10.31"]
[WhiteClock "0:00:04"]
[BlackClock "0:00:18"]
[Board "39"]

1. f4 d5 2. Nf3 c6 3. e3 Bg4 4. h3 Bxf3 5. Qxf3 Nd7 6. c4 Ngf6 7. b3 e5 8. Bb2 Bd6 9. Nc3 d4 10. Ne4 Nxe4 11. Qxe4 Qh4+ 12. Kd1 Nc5 13. Qf3 O-O 14. fxe5 Bxe5 15. g3 Qd8 16. Rh2 Qd6 17. exd4 Bxd4 18. Kc2 Ne6 19. Bc3 a5 20. Re1 a4 21. b4 c5 22. b5 b6 23. Bd3 Rad8 24. Rhe2 g6 25. h4 Bg7 26. Re4 Rd7 27. Qe2 Rfd8 28. Bxg7 Kxg7 29. Re3 Nd4+ 0-1


[Site "https://www.chess.com"]

[Event "Titled Tuesday Blitz October 31 Late 2023"]
[White "Tokhirjonova, Gulrukhbegim"]
[Black "Iskusnyh, Sergei"]
[WhiteFideId "14203626"]
[BlackFideId "4120027"]
[WhiteElo "2695"]
[BlackElo "2540"]
[Result "0-1"]
[Round "7"]
[TimeControl "180+1"]
[Date "2023.10.31"]
[WhiteClock "0:00:00"]
[BlackClock "0:00:07"]
[Board "40"]

1. Nf3 d5 2. e3 Nf6 3. b3 Bf5 4. Bb2 e6 5. Be2 h6 6. O-O Be7 7. d3 O-O 8. Nbd2 c5 9. Re1 Nc6 10. h3 Qc7 11. Bf1 Rad8 12. Qe2 Bg6 13. e4 Rfe8 14. e5 Nd7 15. c3 b5 16. d4 c4 17. g4 a5 18. a4 Rb8 19. axb5 Rxb5 20. Ba3 Bd3 21. Qd1 Bxf1 22. Kxf1 cxb3 23. Nxb3 Reb8 24. Nbd2 Bxa3 25. Rxa3 Rb2 26. Qc1 Ne7 27. c4 dxc4 28. Qxc4 Qb7 29. Rxa5 Ng6 30. Qa6 Qb4 31. Ra4 Qc3 32. Qc4 Qxc4+ 33. Nxc4 Rc2 34. Ne3 Rcb2 35. Ra7 Nb6 36. Rc1 Nf4 37. Ng1 Nbd5 38. Nxd5 Nxd5 39. Ne2 R2b3 0-1


[Site "https://www.chess.com"]

[Event "Titled Tuesday Blitz October 31 Late 2023"]
[White "Mystery2007"]
[Black "Leiva, Gianmarco"]
[BlackFideId "3804399"]
[WhiteElo "2492"]
[BlackElo "2693"]
[Result "0-1"]
[Round "7"]
[TimeControl "180+1"]
[Date "2023.10.31"]
[WhiteClock "0:00:31"]
[BlackClock "0:00:07"]
[Board "41"]

1. Nf3 Nf6 2. c4 e6 3. b3 d5 4. Bb2 c5 5. g3 Nc6 6. Bg2 d4 7. O-O e5 8. d3 Be7 9. Nbd2 O-O 10. a3 a5 11. Qc2 Be6 12. Ng5 Bf5 13. Nge4 Nd7 14. e3 Be6 15. exd4 Nxd4 16. Bxd4 cxd4 17. Nf3 Rc8 18. h4 b5 19. Qe2 a4 20. Nfg5 Bf5 21. cxb5 h6 22. Qf3 Bg6 23. h5 Bxe4 24. Nxe4 axb3 25. Rfb1 Rc2 26. Bh3 b2 27. Ra2 Rc1+ 28. Qd1 Rxd1+ 29. Rxd1 Nc5 30. Nxc5 Bxc5 31. a4 Qa5 32. Rxb2 Qxa4 33. Bf5 Qxd1+ 34. Kg2 Qxh5 35. Be4 f5 36. Bd5+ Kh8 37. Rc2 Bb6 38. Rc6 Ba5 39. b6 Bxb6 40. Rxb6 f4 41. Bf3 Qg5 42. g4 Qe7 43. Be4 f3+ 44. Bxf3 Qf7 45. Be4 Qxf2+ 46. Kh3 Rf3+ 47. Bxf3 Qxf3+ 48. Kh2 Qxd3 49. Rb8+ Kh7 50. Kg2 Qe4+ 51. Kg3 Qf4+ 52. Kh3 e4 53. Re8 d3 54. Rd8 Qf3+ 55. Kh4 Qf6+ 56. g5 Qxd8 57. Kg4 Qxg5+ 58. Kh3 Qg1 59. Kh4 Qg2 60. Kh5 Qg5# 0-1


[Site "https://www.chess.com"]

[Event "Titled Tuesday Blitz October 31 Late 2023"]
[White "Kornyukov, Alexey"]
[Black "Janaszak, Dawid"]
[WhiteFideId "4150457"]
[BlackFideId "1119206"]
[WhiteElo "2335"]
[BlackElo "2688"]
[Result "1-0"]
[Round "7"]
[TimeControl "180+1"]
[Date "2023.10.31"]
[WhiteClock "0:00:05"]
[BlackClock "0:00:34"]
[Board "42"]

1. d4 d6 2. e4 g6 3. c4 Bg7 4. Nc3 Nf6 5. f3 O-O 6. Bg5 c5 7. d5 h6 8. Be3 e6 9. Qd2 exd5 10. cxd5 Kh7 11. a4 Na6 12. Bc4 Nb4 13. Nge2 b6 14. O-O Nd7 15. f4 f5 16. Ng3 fxe4 17. Ncxe4 Nf6 18. f5 gxf5 19. Nxf6+ Qxf6 20. Rf2 Bd7 21. Nh5 Qf7 22. Nxg7 Qxg7 23. Raf1 Rae8 24. Rf3 Qe5 25. Bxh6 Rf6 26. Rh3 f4 27. Bxf4+ Bxh3 28. Bxe5 Rxf1+ 29. Bxf1 Rxe5 30. gxh3 Rxd5 31. Qf4 Rd4 32. Qf7+ Kh6 33. Qf6+ Kh7 34. Be2 Nd5 35. Qxd6 Nf4 36. Qe7+ Kg6 37. Bg4 Nd5 38. Qe6+ Kg7 39. Bf5 Nf4 40. Qe7+ Kh6 41. Qf6+ Kh5 42. Bg4# 1-0


[Site "https://www.chess.com"]

[Event "Titled Tuesday Blitz October 31 Late 2023"]
[White "Djordjevic, Vuk"]
[Black "Korpics, Zsolt"]
[WhiteFideId "902098"]
[BlackFideId "705241"]
[WhiteElo "2767"]
[BlackElo "2417"]
[Result "0-1"]
[Round "7"]
[TimeControl "180+1"]
[Date "2023.10.31"]
[WhiteClock "0:00:04"]
[BlackClock "0:00:10"]
[Board "43"]

1. d4 Nf6 2. Bg5 Ne4 3. Bf4 c5 4. f3 Qa5+ 5. c3 Nf6 6. d5 d6 7. e4 g6 8. Nd2 Bg7 9. Nc4 Qd8 10. a4 b6 11. Qd2 O-O 12. g4 Nbd7 13. Ne2 a6 14. Ng3 Bb7 15. Ne3 Ne5 16. Be2 b5 17. Bxe5 dxe5 18. axb5 axb5 19. Rxa8 Qxa8 20. Bxb5 Bh6 21. Qe2 Qa5 22. Kf2 Rb8 23. Bc4 Ne8 24. Rd1 Nd6 25. Bd3 Bc8 26. Nc4 Qa2 27. Nxd6 exd6 28. Rb1 Ba6 29. b4 Qxb1 30. Bxb1 Bxe2 31. Nxe2 cxb4 32. cxb4 Rxb4 33. Bd3 Rb2 34. h4 Bf4 35. Ke1 Be3 36. Bc4 Kf8 37. Kd1 Rd2+ 38. Ke1 Rb2 39. Bd3 Ke7 40. Kf1 Kd8 41. Kg2 Kc7 42. Kf1 Kb6 43. Kg2 Ka5 44. Kf1 Ka4 45. Bc4 Kb4 46. Ba6 Ra2 47. Bc8 Kc5 48. Bd7 Kb6 49. Be8 Ra7 50. Ng3 Re7 51. Bc6 Kc5 52. h5 Bf4 53. Ne2 gxh5 54. gxh5 f6 55. Kf2 Rg7 56. Be8 Kc4 57. Bc6 Kd3 58. Bb5+ Kd2 59. Nxf4 exf4 60. Be8 Kd3 61. Bc6 Kd4 62. Bb5 Ke5 63. Be8 f5 64. exf5 Kxf5 65. Bb5 Ke5 66. Bc4 Rc7 67. Bd3 Kxd5 68. Kg2 Kd4 69. Be4 Ke3 70. Kh3 Rg7 71. Kh4 Kd4 72. h6 Ra7 73. Kg5 d5 74. Bf5 Ke5 75. Kg4 d4 76. Be4 Re7 77. Kg5 Rf7 78. Kg4 Kd6 79. Kg5 Kc5 80. Bd3 Kb4 81. Bf5 Kc3 82. Kxf4 d3 83. Ke5 Rxf5+ 84. Kxf5 d2 85. Kf6 d1=Q 86. Kg7 Qd3 87. f4 Qg6+ 88. Kh8 Qxh6 89. f5 Qf6+ 90. Kxh7 Qxf5+ 0-1


[Site "https://www.chess.com"]

[Event "Titled Tuesday Blitz October 31 Late 2023"]
[White "Rastbod, Ali"]
[Black "Chan, Luis"]
[WhiteFideId "12567477"]
[BlackFideId "3216357"]
[WhiteElo "2741"]
[BlackElo "2572"]
[Result "0-1"]
[Round "7"]
[TimeControl "180+1"]
[Date "2023.10.31"]
[WhiteClock "0:00:07"]
[BlackClock "0:00:03"]
[Board "44"]

1. Nc3 d5 2. e4 e6 3. Nf3 Nf6 4. e5 Nfd7 5. d4 c5 6. Bg5 Qb6 7. dxc5 Bxc5 8. Qd2 Nc6 9. O-O-O Ndxe5 10. Nxe5 Nxe5 11. Na4 Qb4 12. Nxc5 Qxc5 13. Be3 Qc6 14. Qb4 a5 15. Qf4 Ng6 16. Qg3 O-O 17. h4 f5 18. Qg5 f4 19. Bd4 e5 20. Bxe5 Bf5 21. Bd3 h6 22. Qh5 Nxe5 23. Bxf5 Nc4 24. Rxd5 Qf6 25. c3 Rae8 26. Rhd1 a4 27. Qg6 a3 28. Qh7+ Kf7 29. Rd7+ Re7 30. Rxe7+ Kxe7 31. Rd7+ Ke8 32. Qxg7 axb2+ 33. Kc2 Qxg7 34. Rxg7 Rxf5 35. Rxb7 Rd5 36. Rb4 Rd2+ 37. Kb1 Na3# 0-1


[Site "https://www.chess.com"]

[Event "Titled Tuesday Blitz October 31 Late 2023"]
[White "Koellner, Ruben Gideon"]
[Black "Hajiyev, Kanan"]
[WhiteFideId "12993093"]
[BlackFideId "13404148"]
[WhiteElo "2730"]
[BlackElo "2571"]
[Result "1-0"]
[Round "7"]
[TimeControl "180+1"]
[Date "2023.10.31"]
[WhiteClock "0:00:58"]
[BlackClock "0:00:00"]
[Board "45"]

1. d4 d5 2. Nf3 c5 3. e3 cxd4 4. exd4 Nc6 5. c3 Nf6 6. Nbd2 Bg4 7. Bb5 e6 8. Qa4 Qb6 9. Ne5 Rc8 10. Nxg4 Nxg4 11. Nf3 Bd6 12. O-O O-O 13. Re1 a6 14. Bd3 Qc7 15. h3 Nf6 16. Bg5 Nd7 17. Qd1 Ne7 18. Qe2 Ng6 19. g3 b5 20. a3 Rce8 21. h4 e5 22. dxe5 Ngxe5 23. Nxe5 Rxe5 24. Qg4 f5 25. Qf3 Rfe8 26. Rxe5 Rxe5 27. Bxf5 Nc5 28. Rd1 Ne4 29. Rxd5 Rxd5 30. Be6+ Kh8 31. Bxd5 Nxg5 32. hxg5 Qe7 33. Qf5 g6 34. Qf6+ Qxf6 35. gxf6 Be5 36. f7 Kg7 37. f4 Bf6 38. Kf2 a5 39. Ke3 b4 40. cxb4 axb4 41. axb4 Bxb2 42. b5 Ba3 43. Kd4 Bd6 44. b6 h5 45. Be6 h4 46. gxh4 Bxf4 47. Kd5 Bg3 48. b7 Kf8 49. Kc6 Ke7 50. Bc4 Bb8 51. Bb3 Be5 52. Kb6 Bb8 53. Ka6 Kf8 54. Kb5 Ke7 55. Kc5 Bc7 56. Kd4 Bb8 57. Ke4 Bg3 58. Kf3 Bb8 59. Kg4 Kf8 60. Kg5 Kg7 61. Bc2 Kxf7 62. Bxg6+ Ke7 63. h5 Kd7 64. Kf6 Kc6 65. Be4+ Kc5 66. h6 Kd4 67. Bh1 Be5+ 68. Kf7 Kc5 69. Kg8 Kb6 70. h7 Ka7 71. h8=Q Bxh8 72. Kxh8 Kb8 73. Kg7 Kc7 74. Kf6 Kb8 75. Ke7 Kc7 76. Ke6 Kb8 77. Kd6 Ka7 78. Kc7 1-0


[Site "https://www.chess.com"]

[Event "Titled Tuesday Blitz October 31 Late 2023"]
[White "Djokic, Mihailo"]
[Black "Likvidator228"]
[WhiteFideId "976440"]
[WhiteElo "2729"]
[BlackElo "2547"]
[Result "0-1"]
[Round "7"]
[TimeControl "180+1"]
[Date "2023.10.31"]
[WhiteClock "0:00:17"]
[BlackClock "0:00:12"]
[Board "46"]

1. e4 c5 2. Nf3 g6 3. d4 cxd4 4. Nxd4 Bg7 5. Nc3 Nc6 6. Be3 Nf6 7. Bc4 O-O 8. Bb3 a5 9. O-O a4 10. Nxa4 Nxe4 11. Nb5 Ra6 12. Qe2 Nf6 13. Rad1 d6 14. h3 Bd7 15. Rfe1 Na5 16. c4 Nxb3 17. axb3 Bxb5 18. cxb5 Ra8 19. Bb6 Qc8 20. Rc1 Qf5 21. Bd4 e6 22. Rc7 Qd5 23. Qc4 Qg5 24. Rxb7 d5 25. Qc3 Rac8 26. Qe3 Qf5 27. Nc3 Qc2 28. Qf3 Nh5 29. Bxg7 Nxg7 30. Ra1 Qxb2 31. Raa7 Rxc3 32. Qf4 Qc1+ 33. Qxc1 Rxc1+ 34. Kh2 Nf5 35. b6 Rc6 36. b4 Nd6 37. b5 Nxb5 38. Ra6 Nd6 39. Rd7 Rb8 40. h4 Rbxb6 41. Raa7 h5 42. f3 Rb4 43. Kh3 Nf5 44. g3 Nh6 45. Ra3 Rb2 46. g4 hxg4+ 47. fxg4 Kg7 48. Rf3 Rcc2 49. Re3 Rh2+ 50. Kg3 Rbg2+ 51. Kf3 Rxg4 52. Rxe6 Rh3+ 53. Kf2 Rf4+ 54. Kg2 Rd3 55. Re2 Rxh4 56. Ra7 Nf5 57. Ra3 Rxa3 0-1


[Site "https://www.chess.com"]

[Event "Titled Tuesday Blitz October 31 Late 2023"]
[White "Shubenkova, Veronika"]
[Black "Rohan, Ahuja"]
[WhiteFideId "44124040"]
[BlackFideId "5090598"]
[WhiteElo "2536"]
[BlackElo "2711"]
[Result "0-1"]
[Round "7"]
[TimeControl "180+1"]
[Date "2023.10.31"]
[WhiteClock "0:00:03"]
[BlackClock "0:00:07"]
[Board "47"]

1. e4 e5 2. Nf3 Nc6 3. Bb5 a6 4. Bxc6 dxc6 5. O-O Bg4 6. d3 Qf6 7. Be3 Ne7 8. Nbd2 Ng6 9. c3 h6 10. d4 O-O-O 11. Qc2 Bd6 12. a4 Nf4 13. Bxf4 Qxf4 14. g3 Qf6 15. dxe5 Bxe5 16. Nxe5 Qxe5 17. f3 Bh3 18. Rf2 Rd7 19. Re1 Rhd8 20. f4 Qh5 21. Nf3 f6 22. b4 g5 23. fxg5 hxg5 24. b5 cxb5 25. axb5 a5 26. Nd4 Qg6 27. Qa4 b6 28. Qc4 Rd6 29. Nc6 Re8 30. e5 fxe5 31. Rfe2 e4 32. Rxe4 Rxe4 33. Rxe4 Rd1+ 34. Kf2 Qf6+ 35. Rf4 gxf4 36. Qg8+ Kd7 37. Qh7+ Kd6 38. Qxh3 fxg3+ 39. Kxg3 Rd3+ 40. Kg4 Rxh3 41. Kxh3 Qf3+ 0-1


[Site "https://www.chess.com"]

[Event "Titled Tuesday Blitz October 31 Late 2023"]
[White "Zavgorodniy, Sergiy"]
[Black "JackRodgers"]
[WhiteFideId "14110148"]
[WhiteElo "2678"]
[BlackElo "2529"]
[Result "1-0"]
[Round "7"]
[TimeControl "180+1"]
[Date "2023.10.31"]
[WhiteClock "0:00:23"]
[BlackClock "0:00:02"]
[Board "48"]

1. d4 Nf6 2. c4 c5 3. Nf3 cxd4 4. Nxd4 Nc6 5. g3 g6 6. Nc3 Bg7 7. Bg2 O-O 8. O-O d6 9. Nc2 Be6 10. Ne3 Qd7 11. Rb1 Bh3 12. b3 Bxg2 13. Kxg2 Ng4 14. Nxg4 Qxg4 15. Bb2 Rad8 16. h3 Qc8 17. Qd2 a6 18. Nd5 Rfe8 19. Bxg7 Kxg7 20. Qb2+ Kg8 21. Rfd1 Ne5 22. Rbc1 Qc6 23. Kh2 Nd7 24. a4 Nb6 25. Nf4 a5 26. h4 h5 27. Rd2 Qc5 28. e3 Rc8 29. Rcd1 Qb4 30. Qb1 Kg7 31. Rd3 Qc5 32. Qb2+ Kg8 33. Kg1 Qb4 34. Qb1 Qc5 35. Qb2 Qb4 36. Qe2 Qc5 37. Qf3 Qc6 38. Qe2 Qc5 39. R1d2 Qf5 40. Kh2 Rc5 41. Nd5 Nxd5 42. Rxd5 Qc8 43. Rxc5 Qxc5 44. Rd5 Qb6 45. Qd3 Rc8 46. Rb5 Qa7 47. Qd5 b6 48. Qe4 Rc5 49. Kg1 Rxb5 50. axb5 Qc7 51. Qc6 Qd8 52. Qb7 Kg7 53. Kf1 Kf6 54. Ke2 Ke6 55. Qf3 f5 56. Qd5+ Kf6 57. Qd4+ e5 58. Qd5 Qc7 59. Qg8 Qa7 60. Qd8+ Ke6 61. Qf8 a4 62. bxa4 Qxa4 63. Qe8+ Kf6 64. Qd8+ Ke6 65. Qc8+ Kf6 66. Qc6 Qc2+ 67. Kf1 Qd3+ 68. Kg1 g5 69. Qxb6 gxh4 70. gxh4 f4 71. Qd8+ Kf5 72. Qg5+ Ke6 73. Qh6+ Kd7 74. exf4 e4 75. Qxh5 Qxc4 76. Qf5+ Kc7 77. h5 Qc1+ 78. Kg2 e3 79. fxe3 Qxe3 80. h6 Qe2+ 81. Kg3 Qe1+ 82. Kg4 Qg1+ 83. Kh5 Qh2+ 84. Kg6 Qg3+ 85. Kf7 Qb3+ 86. Kf8 Qxb5 87. Qxb5 1-0


[Site "https://www.chess.com"]

[Event "Titled Tuesday Blitz October 31 Late 2023"]
[White "Pinheiro, Iung Alicio de O."]
[Black "Reprintsev, Alexander"]
[WhiteFideId "2104350"]
[BlackFideId "14100541"]
[WhiteElo "2641"]
[BlackElo "2513"]
[Result "1-0"]
[Round "7"]
[TimeControl "180+1"]
[Date "2023.10.31"]
[WhiteClock "0:00:12"]
[BlackClock "0:00:10"]
[Board "49"]

1. d4 d5 2. Nf3 Nc6 3. g3 Bf5 4. Bg2 Nb4 5. Na3 e6 6. O-O h6 7. c3 Nc6 8. c4 Nf6 9. cxd5 exd5 10. Ne5 Bd6 11. Bf4 O-O 12. Nb5 Be4 13. Bh3 Nh5 14. Nxd6 cxd6 15. Nxc6 bxc6 16. Be3 Qb6 17. Qd2 Rab8 18. b3 Nf6 19. Rac1 Rb7 20. Rc3 a5 21. Rfc1 Rc7 22. Bf4 Rd8 23. Be3 a4 24. Qb2 Ra8 25. b4 g5 26. a3 g4 27. Bf1 Bf5 28. f3 h5 29. Qd2 Kg7 30. Bh6+ Kh7 31. Qg5 Bg6 32. Qxf6 Kxh6 33. f4 Rd7 34. f5 Qd8 35. Qxd8 Rdxd8 36. fxg6 Kxg6 37. Rxc6 1-0


[Site "https://www.chess.com"]

[Event "Titled Tuesday Blitz October 31 Late 2023"]
[White "Seletsky, Grigory"]
[Black "ArtemDyachuk"]
[WhiteFideId "14112191"]
[WhiteElo "2486"]
[BlackElo "2639"]
[Result "0-1"]
[Round "7"]
[TimeControl "180+1"]
[Date "2023.10.31"]
[WhiteClock "0:00:00"]
[BlackClock "0:00:07"]
[Board "50"]

1. b3 e5 2. Bb2 Nc6 3. e3 Nge7 4. c4 d5 5. cxd5 Nxd5 6. a3 Be6 7. Qc2 Bd6 8. Nf3 O-O 9. d3 Nb6 10. Nbd2 f5 11. Be2 Qf6 12. O-O Qh6 13. e4 f4 14. Nc4 Nxc4 15. dxc4 Rae8 16. c5 Be7 17. Bc4 Qf6 18. b4 g5 19. Rad1 g4 20. Nd2 f3 21. Bxe6+ Qxe6 22. Qc4 Bg5 23. Qxe6+ Rxe6 24. Nc4 fxg2 25. Kxg2 Bf4 26. Rd7 Ne7 27. Rfd1 Ng6 28. Rxc7 Nh4+ 29. Kf1 Ref6 30. Rdd7 Bh6 31. Rxh7 Rxf2+ 32. Ke1 Rxh2 33. Nxe5 Ng2+ 34. Ke2 Nf4+ 35. Ke3 Re2+ 36. Kd4 Ne6+ 37. Kd5 Nxc7+ 38. Rxc7 Rxb2 39. Nxg4 Rd2+ 40. Ke6 Bg5 41. Rxb7 Rd4 42. Rxa7 Rxe4+ 43. Ne5 Re8+ 44. Kf5 R4xe5+ 45. Kg6 R8e6+ 46. Kh5 Be7+ 47. Kg4 Kf7 48. a4 Kg6 49. a5 Re3 0-1


[Site "https://www.chess.com"]

[Event "Titled Tuesday Blitz October 31 Late 2023"]
[White "Musovic, Armin"]
[Black "Zeynalli, Rashad"]
[WhiteFideId "939935"]
[BlackFideId "13403320"]
[WhiteElo "2468"]
[BlackElo "2634"]
[Result "1-0"]
[Round "7"]
[TimeControl "180+1"]
[Date "2023.10.31"]
[WhiteClock "0:00:25"]
[BlackClock "0:00:00"]
[Board "51"]

1. e4 c5 2. c3 Nf6 3. e5 Nd5 4. d4 cxd4 5. Nf3 d6 6. exd6 Qxd6 7. Na3 e6 8. Qa4+ Nc6 9. Nb5 Qd8 10. Nbxd4 Bd7 11. Nxc6 Bxc6 12. Bb5 Bxb5 13. Qxb5+ Qd7 14. Qe2 Bd6 15. O-O O-O 16. Rd1 Qc7 17. Qd3 Bf4 18. Qe4 Bxc1 19. Raxc1 Nf6 20. Qh4 Rad8 21. h3 Qa5 22. a3 Qb5 23. Qb4 Qxb4 24. axb4 a6 25. Kf1 Nd5 26. Rd4 Nb6 27. Rcd1 Rxd4 28. Rxd4 Rc8 29. Ne5 f6 30. Nd7 Na4 31. Nc5 Nxc5 32. bxc5 Rc7 33. b4 Kf7 34. Rd8 Ke7 35. Rh8 h6 36. Ke2 Rd7 37. Rc8 e5 38. c6 bxc6 39. Rxc6 Rd6 40. Rc7+ Rd7 41. Rc8 f5 42. Ra8 Rd6 43. Ra7+ Kf6 44. c4 Rb6 45. c5 Rxb4 46. Rxa6+ Kg5 47. Kd3 Rb2 48. c6 Rb1 49. Kc2 Rb5 50. Kc3 Rc5+ 51. Kb4 Rc2 52. Kb5 Rxf2 53. c7 Rc2 54. Rc6 Rb2+ 55. Ka4 Ra2+ 56. Kb3 Ra8 57. c8=Q Rxc8 58. Rxc8 Kf4 59. Rc7 g5 60. Rh7 Kg3 61. Rxh6 Kxg2 62. Rg6 Kxh3 63. Rxg5 f4 64. Kc2 Kh4 65. Rxe5 f3 66. Kd2 Kg3 67. Ke3 f2 68. Rf5 1-0


[Site "https://www.chess.com"]

[Event "Titled Tuesday Blitz October 31 Late 2023"]
[White "Kubicka, Anna"]
[Black "Bjelobrk, Igor"]
[WhiteFideId "1152254"]
[BlackFideId "4300726"]
[WhiteElo "2480"]
[BlackElo "2624"]
[Result "0-1"]
[Round "7"]
[TimeControl "180+1"]
[Date "2023.10.31"]
[WhiteClock "0:00:01"]
[BlackClock "0:00:07"]
[Board "52"]

1. e4 e6 2. d4 d5 3. Nd2 c5 4. exd5 exd5 5. Ngf3 Nc6 6. Bb5 cxd4 7. O-O Bd6 8. Re1+ Ne7 9. Nxd4 O-O 10. N2b3 Qc7 11. h3 Ne5 12. Bf1 a6 13. Nf3 Nc4 14. Bd3 Rd8 15. Nbd4 Bd7 16. Nh4 Ng6 17. Nxg6 hxg6 18. c3 Re8 19. Rxe8+ Rxe8 20. Rb1 Bc5 21. b3 Ne5 22. Bf1 Ba7 23. Be3 Qxc3 24. Ne2 Qa5 25. Bxa7 Qxa2 26. Nc3 Qa5 27. Bd4 Nc6 28. Ne2 Bf5 29. Rc1 Qb4 30. Bc3 Qd6 31. Nd4 Bc8 32. Nxc6 bxc6 33. Bd4 Re4 34. Bc5 Qd8 35. Bd3 Re8 36. Qd2 Qh4 37. Re1 Be6 38. Bxa6 Rb8 39. b4 Rd8 40. Bd3 d4 41. Qe2 Qg5 42. Qe5 Qh4 43. Qe4 Qg5 44. Qxc6 Bd5 45. Re8+ Kh7 46. Qxd5 Qxd5 47. Rxd8 Qxd8 48. Kf1 Qd5 49. Ke2 Qb3 50. g4 Qb2+ 51. Kf3 Qc3 52. Ke4 Qb2 53. g5 Qxf2 54. Bxd4 Qh4+ 55. Kd5 Qxg5+ 56. Kc4 Qd8 57. b5 f5 58. b6 Qc8+ 59. Bc5 Qc6 60. Bc2 f4 61. Kb4 f3 62. Ba4 Qe4+ 63. Ka5 Qd5 64. Kb4 f2 65. Bxf2 Qd2+ 66. Kb5 Qxf2 67. Ka6 Qb2 68. Bb5 Qa3+ 69. Kb7 Qd6 70. Ka7 Qc5 71. Ka6 Qa3+ 72. Kb7 Qxh3 73. Ka8 Qa3+ 74. Kb8 Qa5 0-1


[Site "https://www.chess.com"]

[Event "Titled Tuesday Blitz October 31 Late 2023"]
[White "Abduzhaparov"]
[Black "Yelisieiev, Yevhenii"]
[BlackFideId "14139642"]
[WhiteElo "2455"]
[BlackElo "2619"]
[Result "0-1"]
[Round "7"]
[TimeControl "180+1"]
[Date "2023.10.31"]
[WhiteClock "0:00:00"]
[BlackClock "0:00:03"]
[Board "53"]

1. Nf3 d6 2. c4 g6 3. e4 c5 4. d4 cxd4 5. Nxd4 Bg7 6. Be3 Nf6 7. Nc3 O-O 8. Be2 Nc6 9. O-O Nd7 10. Nf3 Nc5 11. Nd2 f5 12. exf5 Bxf5 13. Rc1 Nb4 14. Bxc5 dxc5 15. Nde4 Bd4 16. a3 Nc6 17. Bf3 Ne5 18. Qe2 Be6 19. b3 Nxf3+ 20. gxf3 Bh3 21. Rfd1 e5 22. Kh1 Qh4 23. Nd5 Rf7 24. Rg1 Raf8 25. Rg3 Be6 26. Rcg1 Kh8 27. Ne3 Bd7 28. Ng2 Qe7 29. Ne3 Bc6 30. Nd5 Qd8 31. Ng5 Rf6 32. Rh3 h5 33. Qe4 Rf5 34. Qg4 Bxf2 35. Rxh5+ Kg8 36. Rh8+ Kg7 37. Rh7+ Kg8 38. Qh3 Rxg5 39. Rxg5 Qxg5 40. Rh8+ Kf7 41. Qh7+ Ke8 42. Rxf8+ Kxf8 43. Qh8+ Kf7 44. Qh7+ Ke6 45. Nc7+ Kd6 46. Ne8+ Bxe8 0-1


[Site "https://www.chess.com"]

[Event "Titled Tuesday Blitz October 31 Late 2023"]
[White "Fiorito, Francisco"]
[Black "Makaraci, Tunahan"]
[WhiteFideId "180165"]
[BlackFideId "6356559"]
[WhiteElo "2611"]
[BlackElo "2451"]
[Result "1-0"]
[Round "7"]
[TimeControl "180+1"]
[Date "2023.10.31"]
[WhiteClock "0:01:12"]
[BlackClock "0:00:41"]
[Board "54"]

1. d4 d5 2. Bf4 c5 3. e3 Nc6 4. Nf3 Nf6 5. Nbd2 cxd4 6. exd4 Bg4 7. c3 e6 8. Bd3 Bd6 9. Bxd6 Qxd6 10. h3 Bxf3 11. Nxf3 O-O-O 12. O-O h6 13. Re1 g5 14. Ne5 Qc7 15. Qa4 Kb8 16. Nxc6+ Qxc6 17. Qd1 Ne4 18. Qe2 Nd6 19. a4 Rde8 20. Bb5 Nxb5 21. axb5 Qc7 22. Ra4 f6 23. Rea1 Qb6 24. b4 e5 25. Rxa7 Qxa7 26. Rxa7 Kxa7 27. Qa2+ Kb8 28. b6 1-0


[Site "https://www.chess.com"]

[Event "Titled Tuesday Blitz October 31 Late 2023"]
[White "Figorito, Nick"]
[Black "Ibadov, Dashgyn"]
[WhiteFideId "30923689"]
[BlackFideId "24107514"]
[WhiteElo "2450"]
[BlackElo "2599"]
[Result "0-1"]
[Round "7"]
[TimeControl "180+1"]
[Date "2023.10.31"]
[WhiteClock "0:00:07"]
[BlackClock "0:00:05"]
[Board "55"]

1. Nf3 d5 2. g3 Nd7 3. d4 Nb6 4. Bg2 Bf5 5. O-O e6 6. a4 a5 7. Bf4 h6 8. Nc3 Bd6 9. Bxd6 Qxd6 10. Ne5 Nf6 11. Nb5 Qe7 12. c4 c6 13. Nc3 O-O 14. Qb3 Qb4 15. Qa2 Nxc4 16. Nxc4 dxc4 17. Rfc1 Rad8 18. e3 Bd3 19. Bf1 Nd5 20. Ne2 b5 21. Nf4 Bxf1 22. Nxd5 cxd5 23. Kxf1 Rb8 24. Rc2 bxa4 25. Qxa4 Qxa4 26. Rxa4 Rb5 27. h4 Rfb8 28. Kg2 Rxb2 29. Rxb2 Rxb2 30. Rxa5 h5 31. Ra8+ Kh7 32. Rc8 Kg6 33. Rc7 f6 34. Kf3 Rc2 35. Kg2 e5 36. Rd7 exd4 37. exd4 Kf5 38. Rxd5+ Ke4 39. Rxh5 Rd2 40. Rh7 c3 41. Rxg7 Rxd4 42. Rc7 Kd3 43. h5 c2 44. h6 Kd2 45. h7 Rd8 46. Rd7+ Rxd7 47. h8=Q c1=Q 48. Qh6+ Kd1 49. Qh1+ Kc2 50. Qh7+ Rxh7 51. g4 Qh1+ 52. Kg3 Qh2+ 53. Kf3 Rh3+ 54. Ke4 Qxf2 55. Kd5 Qf3+ 56. Ke6 Qxg4+ 57. Kf7 f5 58. Ke6 f4+ 59. Kf7 f3 60. Ke8 Qg7 61. Kd8 Rh8# 0-1


[Site "https://www.chess.com"]

[Event "Titled Tuesday Blitz October 31 Late 2023"]
[White "Kashefi, Amir Hosein"]
[Black "victormago"]
[WhiteFideId "12557935"]
[WhiteElo "2593"]
[BlackElo "2441"]
[Result "1/2-1/2"]
[Round "7"]
[TimeControl "180+1"]
[Date "2023.10.31"]
[WhiteClock "0:00:01"]
[BlackClock "0:00:18"]
[Board "56"]

1. Nf3 Nf6 2. g3 b6 3. Bg2 Bb7 4. O-O c5 5. d3 e6 6. Bg5 Be7 7. c3 d6 8. Qc2 Nbd7 9. Nbd2 O-O 10. a4 a6 11. e4 Qc7 12. Rfe1 h6 13. Bxf6 Bxf6 14. h4 Rfd8 15. Nf1 Ne5 16. Nxe5 Bxe5 17. Ne3 Bf6 18. Rad1 d5 19. exd5 exd5 20. Ng4 Be7 21. d4 Rac8 22. Bh3 Rb8 23. Qc1 Bc8 24. Kh2 Bxh4 25. Nxh6+ gxh6 26. Qxh6 Be7 27. Bxc8 Rbxc8 28. dxc5 bxc5 29. Qxa6 Bf8 30. Rh1 Bg7 31. Qd3 d4 32. c4 Qb7 33. Rd2 Re8 34. Qf5 Qe4 35. Qxe4 Rxe4 36. Kg2 Re6 37. Rh5 Ra6 38. b3 Rb6 39. Rd3 Bf8 40. Rg5+ Rg6 41. Rf5 Rb8 42. Kf1 Be7 43. a5 Ra6 44. Re5 Bd6 45. Rd5 Kf8 46. Kg2 Be7 47. Rh5 Rb4 48. Rd1 Rxa5 49. Re1 Bf6 50. Rf5 Kg7 51. Re4 Rb6 52. Rg4+ Kf8 53. Rgf4 Ke7 54. Re4+ Re6 55. Ref4 Ra3 56. Rxc5 Rxb3 57. Rc7+ Kf8 58. c5 d3 59. Rd7 Rc3 60. Rf5 Kg7 61. g4 Rc4 62. f4 Re2+ 63. Kf3 Re7 64. Rxd3 Bd4 65. c6 Bb6 66. g5 Rxc6 67. Kg4 Rc4 68. Rd6 Bc7 69. Rdf6 Bb8 70. Rb6 Bc7 71. Rb7 Bd6 72. Rb6 Rd7 73. Rd5 Rxf4+ 74. Kh3 Rf2 75. Rdxd6 Rxd6 76. Rxd6 Rf4 77. Kg3 Rf5 78. Kg4 Rf1 79. Rd7 Rg1+ 80. Kf5 Rf1+ 81. Kg4 Rg1+ 82. Kf4 Rf1+ 83. Ke4 Rg1 84. Rd5 Rg4+ 85. Kf5 Rg1 86. Rd7 Rf1+ 87. Ke5 Re1+ 88. Kf4 Re2 89. Kg4 Re1 90. Kh5 Re2 91. Kg4 Rg2+ 92. Kf5 Rg1 93. Kf4 Rf1+ 94. Kg4 1/2-1/2


[Site "https://www.chess.com"]

[Event "Titled Tuesday Blitz October 31 Late 2023"]
[White "Sanchez Alvares, Kelvin Antonio"]
[Black "Lalanne, Pablo"]
[WhiteFideId "3906680"]
[BlackFideId "112151"]
[WhiteElo "2584"]
[BlackElo "2351"]
[Result "1-0"]
[Round "7"]
[TimeControl "180+1"]
[Date "2023.10.31"]
[WhiteClock "0:00:53"]
[BlackClock "0:00:15"]
[Board "57"]

1. e4 c5 2. Nf3 d6 3. d4 cxd4 4. Nxd4 Nf6 5. Nc3 Nc6 6. f3 e5 7. Nb3 Be6 8. Bg5 Be7 9. Qd2 O-O 10. h4 a5 11. a4 Nb4 12. Rd1 Rc8 13. Bb5 h6 14. Bxf6 Bxf6 15. g3 Be7 16. Kf2 f5 17. Kg2 fxe4 18. fxe4 Qb6 19. Rdf1 Bc4 20. Bxc4+ Rxc4 21. Rxf8+ Bxf8 22. Rf1 Qc7 23. Nd5 Qd8 24. c3 Na6 25. Qd3 Rc8 26. Qb5 Nc5 27. Nxc5 Rxc5 28. Qxb7 Rc4 29. Qf7+ Kh7 30. Nf6+ 1-0


[Site "https://www.chess.com"]